 Dungeon Crawl Stone Soup version 0.31-a0-774-g0d66cbabe8 (webtiles) character file.

Game seed: 16575315054978750742

123 MackTheKnife the Magician (level 4, -3/25 HPs)
             Began as a Deep Elf Wanderer on Sept 17, 2023.
             Slain by a gnoll
             ... wielding a +0 flail
              (7 damage)
             ... on level 2 of the Dungeon.
             The game lasted 00:04:41 (3088 turns).

MackTheKnife the Magician (Deep Elf Wanderer)       Turns: 3088, Time: 00:04:42

Health: -3/25      AC:  2    Str:  7    XL:     4   Next: 79%
Magic:  10/13      EV: 12    Int: 19    God:
Gold:   135        SH:  0    Dex: 16    Spells: 9/14 levels left

rFire   . . .        a - +0 dagger {short}
rCold   . . .        (no shield)
rNeg    . . .        c - +0 robe
rPois   .            (no helmet)
rElec   .            (no cloak)
rCorr   .            (no gloves)
SInv    .            (no boots)
Will    .....        (no amulet)
Stlth   +++          (no ring)
HPRegen 0.24/turn    (no ring)
MPRegen 0.13/turn

%: no passive effects
@: very slightly contaminated
A: no striking features
a: no special abilities


You were on level 2 of the Dungeon.
You visited 1 branch of the dungeon, and saw 3 of its levels.

You collected 135 gold pieces.


   Skills:
 - Level 1.0 Fighting
 - Level 1.0 Armour
 - Level 1.2 Dodging
 - Level 4.2 Stealth
 - Level 5.8 Spellcasting
 + Level 2.1 Conjurations
 - Level 1.1 Transmutations
 + Level 2.1 Earth Magic
 - Level 1.2 Poison Magic


You had 9 spell levels left.
You knew the following spells:

 Your Spells              Type           Power      Damage    Failure   Level
a - Sting                 Tmut/Pois      36%        1d4       7%          1
b - Summon Small Mammal   Summ           20%        N/A       12%         1
c - Stone Arrow           Conj/Erth      26%        3d8       14%         3

Your spell library contained the following spells:

 Spells                   Type           Power      Damage    Failure   Level
 Passwall                 Tmut/Erth      9%         N/A       9%          2
 Wereblood                Tmut           9%         N/A       11%         2
 Confusing Touch          Hex            5%         N/A       34%         3

Inventory:

Hand Weapons
 a - a +0 dagger (weapon) {short}
Missiles
 g - 4 throwing nets {=f!fthrowing}
Armour
 c - a +0 robe (worn)
Scrolls
 e - 3 scrolls of identify {unknown}
 i - a scroll of enchant armour {unknown}
Potions
 b - a potion of berserk rage {!q}
 d - 2 potions of attraction {!q}
 f - a potion of lignification {unknown}
 h - a potion of mutation {unknown}

Dungeon Overview and Level Annotations

Branches:
Dungeon (3/15) Zot: 14891

Altars:
Qazlal

Annotations:
D:3 exclusion: ogre

##########
#........#
#........#
##........##########
.'........'.....@g>#
##........##.#####b#
##########..# #.#
#.## #.# #.# #.# #.#
#.####### #.#
#.......# #####.#
#######.# #.....#
#.#


You could see a gnoll (ally target) and a friendly bat (summoned).


Message History

You kill the goblin!
Your Conjurations skill increases to level 2!
Your Earth Magic skill increases to level 2! 😎 MP[-1]
You lost 1 mp, and now have 11/13 mp.
The sting hits the gnoll.
The gnoll is poisoned.
A gnoll comes into view. It is wielding a +0 flail.
The gnoll barely misses you. 😎 MP[-1]
You lost 1 mp, and now have 10/13 mp.
There are monsters nearby!
The sting hits the gnoll but does no damage.
The gnoll looks even sicker.
The gnoll hits you with a +0 club. 😕 HP[-6] MP[-1]
You take 6 damage, and now have 19/25 hp.
MASSIVE DAMAGE!! (PAUSE)
You lost 1 mp, and now have 9/13 mp.
A gnoll comes into view.
It is wielding a +0 club. 😕 HP[+1] MP[+1] 😕 HP[+1]
Casting: Sting (safe; 7% risk of failure)
Confirm with . or Enter, or press ? or * to list all spells.
Aiming: Sting (safe; 7% risk of failure)
Press: ? - help, Shift-Dir - straight line, f/p - gnoll
Aim: a gnoll, wielding a +0 club (severely wounded, poisoned, 72% to hit)
The sting hits the gnoll.
The gnoll looks even sicker.
The gnoll barely misses you.
Unknown command. 😕 HP[+1]
The gnoll attacks as it pursues you!
The gnoll hits you with a +0 club. 😮 HP[-4]
You take 4 damage, and now have 18/25 hp.
The gnoll attacks as it pursues you!
The gnoll hits you with a +0 club. 😮 HP[-3]
You take 3 damage, and now have 15/25 hp.
You kill the gnoll! 😮 HP[+1] 😮 MP[+1] 😮 HP[+1] 😮 HP[+1] 😮 MP[+1]
There is a stone staircase leading down here. 😕 HP[+1] 😕 HP[+1] 😕 MP[+1]
Your mp is fully restored (13).
Casting: Sting (safe; 7% risk of failure)
Confirm with . or Enter, or press ? or * to list all spells.
Aiming: Sting (safe; 7% risk of failure)
Press: ? - help, Shift-Dir - straight line, f - gnoll
Aim: a gnoll, wielding a +0 flail (72% to hit)
The sting hits the gnoll but does no damage.
The gnoll is poisoned. 😕 MP[-1]
You lost 1 mp, and now have 12/13 mp.
Casting: Sting (safe; 7% risk of failure)
Confirm with . or Enter, or press ? or * to list all spells.
Aiming: Sting (safe; 7% risk of failure)
Press: ? - help, Shift-Dir - straight line, f/p - gnoll
Aim: a gnoll, wielding a +0 flail (lightly wounded, poisoned, 72% to hit)
The sting misses the gnoll. 😕 MP[-1]
You lost 1 mp, and now have 11/13 mp.
A kobold comes into view. It is wielding a +0 dagger. 😕 HP[+1]
Casting: Sting (safe; 7% risk of failure)
Confirm with . or Enter, or press ? or * to list all spells.
Okay, then.
There is a stone staircase leading up here.
The gnoll looks more healthy.
The gnoll barely misses you.
You climb upwards.
There is a stone staircase leading down here. 😕 HP[+1] MP[+1]
Casting: Sting (safe; 7% risk of failure)
Confirm with . or Enter, or press ? or * to list all spells.
Aiming: Sting (safe; 7% risk of failure)
Press: ? - help, Shift-Dir - straight line, f - gnoll
Aim: a gnoll, wielding a +0 flail (heavily wounded, 72% to hit)
You miscast Sting.
You are very lightly contaminated with residual magic.
Nothing appears to happen.
The gnoll hits you with a +0 flail. 😮 HP[-5] MP[-1]
You take 5 damage, and now have 17/25 hp.
You lost 1 mp, and now have 11/13 mp.
Unknown command.
Casting: Sting (safe; 7% risk of failure)
Confirm with . or Enter, or press ? or * to list all spells.
Okay, then.
The gnoll hits you with a +0 flail!
Ouch! That really hurt!
* * * LOW HITPOINT WARNING * * *
😱 HP[-14]
You take 14 damage, and now have 3/25 hp.
MASSIVE DAMAGE!! (PAUSE)
The gnoll attacks as it pursues you! The gnoll barely misses you. 😱 HP[+1]
Casting: Sting (safe; 7% risk of failure)
Confirm with . or Enter, or press ? or * to list all spells.
The gnoll hits you with a +0 flail!
You die...

Skill      XL: |  1  2  3  4 |
---------------+-------------+-----
Stealth        | 2 3 4 |  4.2
Poison Magic   | 1 |  1.2
Conjurations   | 1 2 |  2.1
Earth Magic    | 1 2 |  2.1
Fighting       | |  1.0
Armour         | |  1.0
Dodging        | |  1.2
Spellcasting   | |  5.8
Transmutations | |  1.1

Action                     |  1- 3 |  4- 6 || total
---------------------------+-------+-------++-------
  Melee: Dagger            |    16 |     1 ||    17
         Punch             |     1 |       ||     1
   Cast: Sting             |    73 |    35 ||   108
         Summon Small Mamm |       |     2 ||     2
 Armour: Robe              |     9 |    11 ||    20
  Dodge: Dodged            |    25 |    17 ||    42

Levels and vault maps discovered:
D:1:      minmay_arrival_diagonal_passages, layout_basic,
          chequers_ecumenical_altar_island, serial_bayou_lagoon_a
D:2:      layout_basic, basic_altar, minmay_heptomino_d4
D:3:      layout_loops_ring, mainiacjoe_overflow_24_doors, st_stairs_7,
          uniq_jessica

Notes
Turn   | Place    | Note
-------+----------+-------------------------------------------
     0 | D:1      | MackTheKnife the Deep Elf Wanderer began the quest for the
                  | Orb.
     0 | D:1      | MackTheKnife set off with the following items: a +0 dagger
                  | {short}, a potion of berserk rage {!q}, a +0 robe, a potion
                  | of attraction {!q}; and the following spells available to
                  | memorise: Sting, Summon Small Mammal, Wereblood, Passwall,
                  | Confusing Touch, Stone Arrow.
     0 | D:1      | Reached XP level 1. HP: 12/12 MP: 9/9
     0 | D:1      | magus.rc [v1.9.6]
     2 | D:1      | Learned a level 1 spell: Sting
   266 | D:1      | Found a faded altar of an unknown god.
   369 | D:1      | Reached skill level 2 in Stealth
   369 | D:1      | Reached skill level 1 in Poison Magic
   405 | D:1      | Reached XP level 2. HP: 16/16 MP: 5/10
  1147 | D:2      | Learned a level 1 spell: Summon Small Mammal
  1194 | D:2      | Reached skill level 3 in Stealth
  1323 | D:2      | Reached XP level 3. HP: 18/20 MP: 7/12
  1602 | D:2      | Reached skill level 4 in Stealth
  1737 | D:2      | Learned a level 3 spell: Stone Arrow
  2221 | D:2      | Reached skill level 1 in Conjurations
  2221 | D:2      | Reached skill level 1 in Earth Magic
  2221 | D:2      | Reached XP level 4. HP: 25/25 MP: 9/13
  2284 | D:2      | Found a stormy altar of Qazlal.
  2754 | D:3      | Noticed an ogre
  2890 | D:3      | Noticed Jessica
  2896 | D:3      | Killed Jessica
  3043 | D:3      | Reached skill level 2 in Conjurations
  3043 | D:3      | Reached skill level 2 in Earth Magic
  3086 | D:2      | HP: 3/25 [gnoll/+0 flail (14)]
  3088 | D:2      | Slain by a gnoll

Vanquished Creatures
  Jessica (D:3)
  A gnoll (D:3)
  3 adders (D:2)
  3 worms (D:2)
  A dart slug (D:2)
  2 orcs (D:3)
  4 endoplasms
  7 giant cockroaches
  8 goblins
  2 hobgoblins (D:1)
  A quokka (D:1)
  A ball python (D:1)
  4 bats
  3 frilled lizards
  A kobold (D:3)
  5 rats
47 creatures vanquished.

Table legend:
 A = Non-vault XP
 B = Vault XP
 C = Vault XP percentage of total XP
 D = Non-vault monster count
 E = Vault monster count
 F = Vault count percentage of total count
                 A         B        C        D         E       F
            +---------+---------+-------+---------+---------+-------
      Total |     118 |      58 |  33.0 |      40 |       7 |  14.9
            +---------+---------+-------+---------+---------+-------
        D:1 |      22 |       0 |   0.0 |      15 |       0 |   0.0
        D:2 |      66 |      17 |  20.5 |      17 |       4 |  19.0
        D:3 |      30 |      41 |  57.7 |       8 |       3 |  27.3
            +---------+---------+-------+---------+---------+-------

Skill      XL: |  1  2  3  4 |
---------------+-------------+-----
Stealth        | 2 3 4 |  4.2
Poison Magic   | 1 |  1.2
Conjurations   | 1 2 |  2.1
Earth Magic    | 1 2 |  2.1
Fighting       | |  1.0
Armour         | |  1.0
Dodging        | |  1.2
Spellcasting   | |  5.8
Transmutations | |  1.1

Action                     |  1- 3 |  4- 6 || total
---------------------------+-------+-------++-------
  Melee: Dagger            |    16 |     1 ||    17
         Punch             |     1 |       ||     1
   Cast: Sting             |    73 |    35 ||   108
         Summon Small Mamm |       |     2 ||     2
 Armour: Robe              |     9 |    11 ||    20
  Dodge: Dodged            |    25 |    17 ||    42

Illustrated notes

Table legend:
 A = Kills in this place as a percentage of kills in the entire game.
 B = Kills by you in this place as a percentage of kills by you in the entire game.
 C = Kills by friends in this place as a percentage of kills by friends in the entire game.
 D = Other kills in this place as a percentage of other kills in the entire game.
 E = Experience gained in this place as a percentage of experience gained in the entire game.
 F = Experience gained in this place divided by the number of levels of this place that you have seen.
                   A       B       C       D       E      F
               +-------+-------+-------+-------+-------+----------------------
         Total | 100.0 | 100.0 |   N/A |   N/A | 100.0 |  58.7
       Dungeon | 100.0 | 100.0 |   N/A |   N/A | 100.0 |  58.7
               +-------+-------+-------+-------+-------+----------------------

Table legend: (Time is in decaauts)
 A = Elapsed time spent in this place.
 B = Non-inter-level travel time spent in this place.
 C = Inter-level travel time spent in this place.
 D = Time resting spent in this place.
 E = Time spent auto-exploring this place.
 F = Levels seen in this place.
 G = Mean time per level.
                   A        B        C        D        E       F      G
               +--------+--------+--------+--------+--------+-----+--------+
         Total |   3107 |   2924 |    183 |    116 |   2263 |   3 | 1035.7 |
       Dungeon |   3107 |   2924 |    183 |    116 |   2263 |   3 | 1035.7 |
               +--------+--------+--------+--------+--------+-----+--------+

Top non-repeatable levels by time:
     D:2: 1590 daAuts
     D:1: 1139 daAuts
     D:3: 377 daAuts
